 Dungeon Crawl Stone Soup version 0.21-a0-286-g6fcecc0 (webtiles) character file.

266 pichaelthompson the Magician (level 6, -2/43 HPs)
             Began as a Demonspawn Wizard on Sept 25, 2017.
             Slain by an orc
             ... wielding a +0 whip
              (3 damage)
             ... on level 4 of the Dungeon.
             The game lasted 00:14:19 (4701 turns).

pichaelthompson the Magician (Demonspawn Wizard)    Turns: 4701, Time: 00:14:19

Health: -2/43      AC:  5    Str:  8    XL:     6   Next: 0%
Magic:  0/12       EV: 12    Int: 19    God:
Gold:   174        SH:  0    Dex: 13    Spells: 5/13 levels left

rFire    . . .     SeeInvis .   e - +0 short sword
rCold    . . .     Gourm    .   (no shield)
rNeg     . . .     Faith    .   o - +0 leather armour
rPois    +         Spirit   +   j - +2 hat
rElec    .         Reflect  .   (no cloak)
rCorr    .         Harm     .   (no gloves)
MR       .....                  (no boots)
Stlth    +++.......             (no amulet)
HPRegen  0.14/turn              b - ring of poison resistance
MPRegen  0.13/turn              (no ring)

@: starving
A: claws 1, horns 1, talons 1, nightstalker 1, magic shield
a: no special abilities


You were on level 4 of the Dungeon.
You were starving.

You visited 1 branch of the dungeon, and saw 4 of its levels.

You collected 174 gold pieces.

Inventory:

Hand Weapons
 e - a +0 short sword (weapon)
Missiles
 a - 21 arrows
Armour
 j - a +2 hat (worn)
 o - a +0 leather armour (worn)
Jewellery
 b - a ring of poison resistance (left claw)
Wands
 n - a wand of lightning (8/15)
Scrolls
 g - 2 scrolls of identify {unknown}
 i - a scroll of remove curse {unknown}
 k - 2 scrolls of teleportation {unknown}
 l - 2 scrolls of enchant weapon {unknown}
 m - a scroll of amnesia {unknown}
 p - a scroll of magic mapping {unknown}
Potions
 d - a potion of flight {unknown}
 h - 3 potions of might {unknown}
Books
 c - a book of Minor Magic

   Spells                             Type                      Level
   a - Magic Dart                     Conjuration                  1
   b - Blink                          Translocation                2
   c - Call Imp                       Summoning                    2
   d - Slow                           Hexes                        2
   e - Conjure Flame                  Conjuration/Fire             3
   f - Mephitic Cloud                 Conjuration/Poison/Air       3
 f - a book of Changes

   Spells                             Type                      Level
   a - Beastly Appendage              Transmutation                1
   b - Sticks to Snakes               Transmutation                2
   c - Spider Form                    Transmutation/Poison         3
   d - Ice Form                       Ice/Transmutation            4
   e - Blade Hands                    Transmutation                5


   Skills:
 * Level 1.6 Fighting
 + Level 1.2 Short Blades
 * Level 1.0 Armour
 * Level 2.4 Dodging
 + Level 1.9 Stealth
 + Level 0.1 Unarmed Combat
 * Level 4.2 Spellcasting
 * Level 2.6 Conjurations
 * Level 1.4 Summonings
   Level 0.8 Translocations
 * Level 0.5 Air Magic
 * Level 1.0 Poison Magic


You had 5 spell levels left.
You knew the following spells:

 Your Spells              Type           Power        Failure   Level  Hunger
a - Magic Dart            Conj           ##..         6%          1    None
b - Call Imp              Summ           #.......     16%         2    #......
c - Mephitic Cloud        Conj/Pois/Air  #.......     32%         3    ###....
d - Sticks to Snakes      Tmut           #.......     28%         2    #......


Dungeon Overview and Level Annotations

Branches:
Dungeon (4/15)
 Temple: D:4-7

Altars:

Annotations:
D:3 Sigmund


Innate Abilities, Weirdness & Mutations

You have sharp fingernails.
You have a pair of small horns on your head.
You have sharp toenails.
You are slightly more attuned to the shadows.
When hurt, damage is shared between your health and your magic reserves.


Message History

The orc priest is severely wounded.
Something hits you but does no damage. The orc barely misses you.
The orc priest looks encouraged for a moment.
Something hits you but does no damage. The orc closely misses you.
The orc hits you.
* * * LOW HITPOINT WARNING * * *
You hit the orc priest but do no damage.
You headbutt the orc priest.
The orc priest is severely wounded.
Something hits you.
* * * LOW HITPOINT WARNING * * *
The orc closely misses you.
The orc priest hits you but does no damage.
The orc completely misses you. The orc hits you but does no damage.
Something hits you but does no damage.
You completely miss the orc priest.
You claw the orc priest, but do no damage.
The orc priest is severely wounded.
The orc hits you with a whip.
You die...

.................
...................
......(............
.............# .o.
.............##.#
.#..............#
.........>....###
...###o.o.....# ..
#.@o.....###
#o###......# #..o.#
#.#.##..#
#.....####.#.###...
#..#..###...<..##..
.. #...........# ..
. .###........##
...............
............#.


You could see an orc priest and 4 orcs.

Vanquished Creatures
  A bullfrog (D:2)
  Natasha (thrice) (D:3)
  A hound zombie (D:3)
  2 adders (D:3)
  2 adder zombies (D:3)
  2 adder skeletons (D:3)
  2 worms
  A dart slug (D:1)
  3 leopard geckos
  6 orcs
  2 giant cockroaches
  11 hobgoblins
  3 jackals (D:3)
  5 kobolds
  A ball python (D:2)
  9 bats
  4 frilled lizards
  4 goblins
  A leopard gecko zombie (D:3)
  9 rats
72 creatures vanquished.

Vanquished Creatures (others)
  5 toadstools (D:1)
5 creatures vanquished.

Grand Total: 77 creatures vanquished

Notes
Turn   | Place    | Note
-------+----------+-------------------------------------------
     0 | D:1      | pichaelthompson the Demonspawn Wizard began the quest for the Orb.
     0 | D:1      | Reached XP level 1. HP: 13/13 MP: 4/4
   325 | D:1      | Gained mutation: You have a pair of small horns on your head. [demonic ancestry]
   325 | D:1      | Reached XP level 2. HP: 17/19 MP: 0/6
   465 | D:1      | Learned a level 2 spell: Call Imp
  1116 | D:2      | Gained mutation: You have sharp fingernails. [demonic ancestry]
  1116 | D:2      | Reached XP level 3. HP: 24/25 MP: 2/8
  1231 | D:2      | Learned a level 3 spell: Mephitic Cloud
  1593 | D:2      | Noticed a bullfrog
  1607 | D:2      | Killed a bullfrog
  1607 | D:2      | Reached skill level 1 in Fighting
  1607 | D:2      | Gained mutation: You are slightly more attuned to the shadows. [demonic ancestry]
  1607 | D:2      | Reached XP level 4. HP: 6/32 MP: 1/9
  2324 | D:3      | Noticed Sigmund
  2749 | D:3      | Noticed Natasha
  2760 | D:3      | Killed Natasha
  2760 | D:3      | Reached skill level 4 in Spellcasting
  2760 | D:3      | Gained mutation: When hurt, damage is shared between your health and your magic reserves. [demonic ancestry]
  2760 | D:3      | Reached XP level 5. HP: 17/37 MP: 5/11
  3034 | D:3      | Reached skill level 1 in Short Blades
  3062 | D:3      | Reached skill level 1 in Armour
  3567 | D:3      | Learned a level 2 spell: Sticks to Snakes
  3623 | D:3      | Noticed Natasha
  3630 | D:3      | Killed Natasha
  3645 | D:3      | Noticed Natasha
  3666 | D:3      | Killed Natasha
  3666 | D:3      | Reached skill level 1 in Poison Magic
  4338 | D:3      | Gained mutation: You have sharp toenails. [demonic ancestry]
  4338 | D:3      | Reached XP level 6. HP: 11/43 MP: 5/12
  4699 | D:4      | HP: 2/43 [orc (1)]
  4701 | D:4      | Slain by an orc

Vault maps used:
D:1:      ldierk_walled_garden
D:3:      serial_undead, serial_undead_d, serial_undead_c, serial_undead_f,
          serial_undead_b, grunt_ministairs_10, uniq_sigmund, uniq_natasha
D:4:      marbit_many_paths, dancing_weapons_uskayaw, first_bread,
          minmay_misc_feat_nine_boxes

Skill      XL: |  1  2  3  4  5 |
---------------+----------------+-----
Fighting       | 1 |  1.6
Dodging        | 2 |  2.4
Conjurations   | 2 |  2.6
Spellcasting   | 4 |  4.2
Short Blades   | 1 |  1.2
Armour         | 1 |  1.0
Poison Magic   | 1 |  1.0
Stealth        | |  1.9
Unarmed Combat | |  0.1
Summonings     | |  1.4
Translocations | |  0.8
Air Magic      | |  0.5

Action                   |  1- 3 |  4- 6 || total
-------------------------+-------+-------++-------
Melee: Short sword       |    57 |   135 ||   192
       Unarmed           |     1 |       ||     1
       Headbutt          |     4 |    12 ||    16
       Kick              |       |     7 ||     7
 Cast: Magic Dart        |    80 |    98 ||   178
  Eat: Chunk             |     2 |     3 ||     5
       Bread ration      |       |     1 ||     1
Armor: Robe              |    12 |    11 ||    23
       Leather armour    |       |    75 ||    75
Dodge: Dodged            |    39 |   157 ||   196

Table legend:
 A = Spawn XP
 B = Non-spawn XP
 C = Spawn XP percentage of total XP
 D = Spawn monster count
 E = Non-spawn monster count
 F = Spawn count percentage of total count
 G = Total turns spent on level
                    A         B        C        D         E        F      G
               +---------+---------+-------+---------+---------+-------+---------
         Total |       0 |     381 |   0.0 |       0 |      72 |   0.0 |  4701
               +---------+---------+-------+---------+---------+-------+---------
           D:1 |       0 |      38 |   0.0 |       0 |      21 |   0.0 |  1090
           D:2 |       0 |     114 |   0.0 |       0 |      18 |   0.0 |  1213
           D:3 |       0 |     229 |   0.0 |       0 |      33 |   0.0 |  2286
               +---------+---------+-------+---------+---------+-------+---------
